 Dungeon Crawl Stone Soup version 0.17-a0-854-g4a4ba72 (console) character file.

87 sose the Changer (level 4, -3/28 HPs)
             Began as an Octopode Transmuter on Apr 28, 2015.
             Slain by an orc priest
             ... wielding a cursed +0 club
              (7 damage)
             ... on level 3 of the Dungeon.
             The game lasted 00:06:50 (2247 turns).

sose the Changer (Octopode Transmuter)              Turns: 2247, Time: 00:06:50

Health: -3/28      AC:  2    Str:  9    XL:     4   Next: 51%
Magic:  4/7        EV: 19    Int: 16    God:
Gold:   58         SH:  0    Dex: 17    Spells: 3 memorised, 1 level left

rFire  . . .     SeeInvis .       - Unarmed
rCold  . . .     Clarity  .     (shield currently unavailable)
rNeg   . . .     SustAb   .     (helmet currently unavailable)
rPois  x         Gourm    .     (no amulet)
rElec  .         Spirit   .     n - ring of wizardry
rCorr  .         Warding  .     (no ring)
rMut   .         Stasis   .     (no ring)
MR     .....                    (no ring)
Stlth  ++........               (no ring)
                                (no ring)
                                (no ring)
                                (no ring)

@: spider-form, not resistant to hostile enchantments, unstealthy
A: almost no armour, amphibious, 8 rings, (constrict 8), (camouflage 0),
(gelatinous body 0)
a: End Transformation


You were on level 3 of the Dungeon.
You were hungry.
You were a venomous arachnid creature.
You visited 1 branch of the dungeon, and saw 3 of its levels.

You collected 58 gold pieces.

Inventory:

Missiles
 a - 102 arrows
Jewellery
 n - a ring of wizardry (left front leg)
Scrolls
 d - a scroll of noise {unknown}
 h - a scroll of recharging {unknown}
 j - 3 scrolls of identify {unknown}
 l - 3 scrolls of magic mapping
 m - a scroll of enchant armour {unknown}
Potions
 e - a potion of curing {unknown}
 i - a potion of lignification {unknown}
 k - a potion of degeneration {unknown}
Books
 b - a book of Changes

   Spells                             Type                      Level
   a - Beastly Appendage              Transmutation                1
   b - Sticks to Snakes               Transmutation                2
   c - Spider Form                    Transmutation/Poison         3
   d - Ice Form                       Ice/Transmutation            4
   e - Blade Hands                    Transmutation                5
Comestibles
 c - 2 bread rations
 f - a chunk of flesh
 g - a meat ration
 o - a royal jelly


   Skills:
 - Level 1.0 Fighting
 - Level 2.0 Dodging
 - Level 3.0 Unarmed Combat
 - Level 2.0 Spellcasting
 + Level 4.6 Transmutations


You had one spell level left.
You knew the following spells:

 Your Spells              Type           Power        Failure   Level  Hunger
a - Beastly Appendage     Trmt           ###...       4%          1    #......
b - Sticks to Snakes      Trmt           ###.......   7%          2    ###....
c - Spider Form           Trmt/Pois      #.........   22%         3    ###....


Dungeon Overview and Level Annotations

Branches:
Dungeon (3/15)

Altars:
Dithmenos
Fedhas
Makhleb
Xom


Innate Abilities, Weirdness & Mutations

You cannot wear most types of armour.
You are amphibious.
You can wear up to eight rings at the same time.
((You can use your tentacles to constrict eight enemies at once.))
((Your skin changes colour to match your surroundings (Stealth).))
((Your rubbery body absorbs attacks (AC +1).))


Message History

You barely miss the orc. Your grab misses the orc.
The orc hits you with a short sword.
An orc priest comes into view. It is wielding a club.
You barely miss the orc.
The orc priest shouts!
You grab the orc.
You pierce the orc, but do no damage.
You squeeze the orc.
You kill the orc!
The orc priest invokes the aid of Beogh against you.
Pain shoots through your body!
Your tentacle spike disappears.
You see here a hand axe.
Casting: Beastly Appendage
Confirm with . or Enter, or press ? or * to list all spells.
You turn into a venomous arachnid creature.
The orc priest invokes the aid of Beogh against you.
Something smites you!
* * * LOW HITPOINT WARNING * * *
You see here a hand axe.
The orc priest hits you with a club!
You die...

#.# #? #.#
#. . #.# #.
. #.# #. .#
#.#
#.###o##.$
#.#
#....o.$o.
#.#
#.......oo.
#.#######.#
#.)so...).#
###########


You could see an orc priest.

Vanquished Creatures
  An adder (D:2)
  An ooze (D:1)
  A worm (D:3)
  3 giant geckos
  2 orcs (D:3)
  7 bats
  3 giant cockroaches
  5 hobgoblins
  2 quokkas (D:2)
  5 giant newts
  6 goblins
  8 kobolds
  5 rats
49 creatures vanquished.

Vanquished Creatures (collateral kills)
  3 adders (D:2)
  A hobgoblin (D:2)
  A kobold (D:2)
5 creatures vanquished.

Grand Total: 54 creatures vanquished

Notes
Turn   | Place    | Note
--------------------------------------------------------------
     0 | D:1      | sose, the Octopode Transmuter, began the quest for the Orb.
     0 | D:1      | Reached XP level 1. HP: 13/13 MP: 3/3
   298 | D:1      | Reached XP level 2. HP: 18/18 MP: 1/5
   302 | D:1      | Learned a level 2 spell: Sticks to Snakes
   682 | D:2      | Reached XP level 3. HP: 14/23 MP: 1/6
   700 | D:2      | Learned a level 3 spell: Spider Form
  1193 | D:2      | Reached skill level 4 in Transmutations
  1238 | D:2      | Reached XP level 4. HP: 14/28 MP: 0/7
  1485 | D:2      | Found a shimmering altar of Xom.
  1499 | D:2      | Found a shadowy altar of Dithmenos.
  1522 | D:2      | Found a blossoming altar of Fedhas.
  1944 | D:2      | Found a burning altar of Makhleb.
  2247 | D:3      | Slain by an orc priest

Action                   |  1- 3 |  4- 6 || total
-------------------------+-------+-------++-------
Melee: Unarmed           |    54 |    47 ||   101
 Cast: Beastly Appendage |     9 |     5 ||    14
       Sticks to Snakes  |    10 |       ||    10
       Spider Form       |       |     1 ||     1
  Use: Scroll            |       |     1 ||     1
 Stab: Sleeping          |     2 |     2 ||     4
  Eat: Beef jerky        |     1 |       ||     1
       Chunk             |     1 |       ||     1
       Royal jelly       |       |     1 ||     1
